 Dungeon Crawl Stone Soup version 0.31-a0-851-g7ff8af7976 (webtiles) character file.

Game seed: 15529403714864394048

2995 pokeman the Thaumaturge (level 9, -14/50 HPs)
             Began as a Deep Elf Hedge Wizard on Oct 5, 2023.
             Was a Believer of Vehumet.
             Killed themself with a badly aimed concussive blast (21 damage)
             ... on level 8 of the Dungeon.
             The game lasted 00:18:05 (8757 turns).

pokeman the Thaumaturge (Deep Elf Hedge Wizard)     Turns: 8757, Time: 00:18:07

Health: -14/50     AC:  6    Str:  7    XL:     9   Next: 54%
Magic:  15/27      EV: 13    Int: 24    God:    Vehumet [**....]
Gold:   254        SH:  5    Dex: 14    Spells: 22/33 levels left

rFire   . . .        D - +2 dagger (elec)
rCold   . . .        (no shield)
rNeg    + . .        b - +0 robe
rPois   +            c - +0 hat
rElec   .            B - +2 cloak
rCorr   .            o - +0 pair of gloves
SInv    .            (no boots)
Will    .....        E - amulet of reflection
Stlth   ++           k - ring of poison resistance
HPRegen 0.28/turn    r - ring of positive energy
MPRegen 0.20/turn

%: reflection
@: on blink cooldown
A: no striking features
a: Renounce Religion


You were on level 8 of the Dungeon.
You worshipped Vehumet.
Vehumet was pleased with you.
You visited 1 branch of the dungeon, and saw 8 of its levels.

You collected 306 gold pieces.
You spent 52 gold pieces at shops.

Inventory:

Hand Weapons
 D - a +2 dagger of electrocution (weapon)
Missiles
 i - 2 throwing nets
Armour
 b - a +0 robe (worn)
 c - a +0 hat (worn)
 o - a +0 pair of gloves (worn)
 B - a +2 cloak (worn)
 G - the +3 ring mail "Vaegesta" {rC+ Dex+3 Stlth+}
   (You took it off a gnoll on level 7 of the Dungeon)

   Dex+3:     It affects your dexterity (+3).
   rC+:       It protects you from cold.
   Stlth+:    It makes you more stealthy.
Magical Staves
 A - a staff of conjuration
Jewellery
 k - a ring of poison resistance (left hand)
 r - a ring of positive energy (right hand)
 E - an amulet of reflection (around neck)
Wands
 H - a wand of iceblast (8)
Scrolls
 a - a scroll of immolation {unknown}
 e - 3 scrolls of poison {unknown}
 f - 2 scrolls of enchant weapon {unknown}
 l - a scroll of revelation {unknown}
 m - 5 scrolls of teleportation {unknown}
 q - a scroll of blinking {unknown}
 s - a scroll of torment {unknown}
 t - 3 scrolls of enchant armour {unknown}
 u - a scroll of noise {unknown}
 w - a scroll of butterflies {unknown}
 x - 4 scrolls of identify {unknown}
 y - a scroll of brand weapon {unknown}
 F - a scroll of vulnerability {unknown}
Potions
 d - 3 potions of magic
 g - 2 potions of mutation {unknown}
 h - 2 potions of heal wounds {unknown}
 j - a potion of brilliance {unknown}
 n - 4 potions of curing
 p - a potion of haste {unknown}
 v - a potion of degeneration
 z - 4 potions of ambrosia {unknown}
 C - a potion of enlightenment {unknown}


   Skills:
 - Level 3.0 Fighting
 - Level 3.0 Armour
 - Level 3.2 Dodging
 - Level 3.2 Stealth
 + Level 2.2 Shields
 * Level 12.6 Spellcasting
 + Level 7.1 Conjurations
 - Level 1.1 Summonings
 - Level 1.1 Translocations
 - Level 1.0 Air Magic
 - Level 1.0 Poison Magic
 - Level 1.1 Evocations


You had 22 spell levels left.
You knew the following spells:

 Your Spells              Type           Power      Damage    Failure   Level
a - Magic Dart            Conj           100%       1d8       1%          1
b - Mephitic Cloud        Conj/Pois/Air  29%        N/A       3%          3
c - Call Imp              Summ           40%        N/A       3%          2
d - Blink                 Tloc           40%        N/A       3%          2
e - Volatile Blastmotes   Fire/Tloc      34%        2d12      10%         3

Your spell library contained the following spells:

 Spells                   Type           Power      Damage    Failure   Level
 Slow                     Hex            60%        N/A       4%          1
 Cigotuvi's Dreadful Rot  Necr/Pois/Air  36%        N/A       4%          2


Dungeon Overview and Level Annotations

Branches:
Dungeon (8/15)             Temple (0/1) D:7
   Lair: D:8-11

Altars:
Ashenzari
Cheibriados
Elyvilon
Fedhas
Hepliaklqana
Nemelex Xobeh
Okawaru
Ru
Sif Muna
Trog
Uskayaw
Vehumet
Wu Jian
Zin
The Shining One

Shops:
D:3 !


Message History

Casting: Magic Dart (safe; 1% risk of failure)
Confirm with . or Enter, or press ? or * to list all spells.
You blink.
Your cerulean imp barely misses the wight.
Unknown command.
Casting: Blink (safe; 3% risk of failure)
Confirm with . or Enter, or press ? or * to list all spells.
A cloud of volatile blastmotes flares up around you!
Your cerulean imp hits the wight with a -2 spear.
You hit the wight but do no damage. Lightning courses through the wight!
The wight is severely damaged.
Your cerulean imp misses the wight.
The wight hits you with a +3 mace of freezing.
* * * LOW HITPOINT WARNING * * *
The wight freezes you.
* * * LOW HITPOINT WARNING * * *
Casting: Volatile Blastmotes (dangerous; 10% risk of failure)
Confirm with . or Enter, or press ? or * to list all spells.
You are still too unstable to blink.
Casting: Blink (safe; 3% risk of failure)
Confirm with . or Enter, or press ? or * to list all spells.
Aiming: Magic Dart (safe; 1% risk of failure)
Press: ? - help, Shift-Dir - straight line, f/p - wight
Aim: a wight, wielding a +3 mace of freezing, wearing a +0 robe and quivering stones (severely damaged, ally target, 100% to hit)
The magic dart hits the wight but does no damage.
The wight is severely damaged.
Your cerulean imp hits the wight but does no damage.
The wight throws a stone.
The stone hits your cerulean imp!
Unknown command.
Press: ? - help, v - describe, . - travel The floor.
There is a cloud of blastmotes here.
Unknown command.
The cloud of blastmotes explodes!
The concussive blast engulfs the wight!
The wight is heavily damaged.
The concussive blast engulfs the wight!
You destroy the wight!
Vehumet accepts your kill.
You feel your power returning. The concussive blast engulfs you!!
You die...

#)## #.## #)#
###.# #####)#
#...#
#.....###..###
#.[..##_##.
#..†###..##
#..z#..#..#
#...#z)5#.#
##z##@#...#
#z###.#.##
#F##...#.#
#.##.#...#
#/##..#..#
#.###..###
#.####.#
#......#
########


You could see a wight and a friendly cerulean imp (summoned).

Vanquished Creatures
  A yak (D:7)
  2 wyverns (D:7)
  2 black bears
  2 ice beasts
  A sky beast (D:7)
  2 centaurs
  An ogre (D:7)
  2 phantoms
  A kobold brigand (D:8)
  A gnoll sergeant (D:7)
  3 bullfrogs
  5 scorpions
  3 wights (D:8)
  4 killer bees
  2 howler monkeys (D:8)
  3 jellies
  2 hounds (D:5)
  An orc priest (D:5)
  2 gnoll boudas (D:7)
  3 iguanas
  A sleepcap (D:6)
  3 orc wizards
  A statue (D:4)
  12 gnolls (D:7)
  6 adders
  2 shadow imps
  A white imp (D:6)
  An ufetubus (D:5)
  2 worms
  A dart slug (D:2)
  29 orcs
  5 bats
  5 endoplasms
  5 giant cockroaches
  6 goblins
  7 hobgoblins
  2 jackals (D:2)
  7 kobolds
  3 ball pythons
  2 frilled lizards (D:1)
  A rat (D:2)
145 creatures vanquished.

Vanquished Creatures (collateral kills)
  A quokka (D:3)
1 creature vanquished.

Grand Total: 146 creatures vanquished

Notes
Turn   | Place    | Note
-------+----------+-------------------------------------------
     0 | D:1      | pokeman the Deep Elf Hedge Wizard began the quest for the
                  | Orb.
     0 | D:1      | Reached XP level 1. HP: 10/10 MP: 7/7
   602 | D:1      | Reached XP level 2. HP: 14/16 MP: 5/9
  1074 | D:2      | Found a faded altar of an unknown god.
  1435 | D:2      | Reached skill level 5 in Spellcasting
  1485 | D:2      | Found an ornate altar of the Wu Jian Council.
  1770 | D:2      | Reached XP level 3. HP: 17/20 MP: 5/11
  1774 | D:2      | Learned a level 3 spell: Mephitic Cloud
  1777 | D:2      | Learned a level 2 spell: Call Imp
  1780 | D:2      | Learned a level 2 spell: Blink
  2002 | D:2      | Reached skill level 1 in Fighting
  2298 | D:3      | Found a glowing golden altar of the Shining One.
  2299 | D:3      | Found a glowing silver altar of Zin.
  2300 | D:3      | Found a white marble altar of Elyvilon.
  2324 | D:3      | Found an iron altar of Okawaru.
  2366 | D:3      | Reached skill level 1 in Armour
  2500 | D:3      | Found Wediyl's Distillery.
  2506 | D:3      | Bought a potion of curing for 39 gold pieces
  2506 | D:3      | Bought a potion of degeneration for 13 gold pieces
  2569 | D:3      | Found a broken altar of Ashenzari.
  2576 | D:3      | Found a blossoming altar of Fedhas.
  2596 | D:3      | Found a hide-covered altar of Uskayaw.
  2641 | D:3      | Reached XP level 4. HP: 7/25 MP: 8/13
  3195 | D:4      | Noticed a black bear
  3212 | D:4      | Killed a black bear
  3213 | D:4      | Reached skill level 6 in Spellcasting
  3213 | D:4      | Reached XP level 5. HP: 18/29 MP: 12/15
  3450 | D:4      | Found a radiant altar of Vehumet.
  3450 | D:4      | Noticed a charred statue
  3461 | D:4      | Killed a charred statue
  3467 | D:4      | Became a worshipper of Vehumet
  3702 | D:4      | Found a hazy altar of Hepliaklqana.
  3816 | D:4      | Found a shimmering blue altar of Sif Muna.
  3832 | D:4      | Reached skill level 1 in Poison Magic
  3893 | D:4      | Reached skill level 1 in Air Magic
  3893 | D:4      | Reached XP level 6. HP: 34/34 MP: 11/17
  4444 | D:5      | Entered Level 5 of the Dungeon
  4550 | D:5      | Found a sacrificial altar of Ru.
  4643 | D:5      | Reached skill level 1 in Shields
  4643 | D:5      | Reached skill level 7 in Spellcasting
  5076 | D:5      | Reached skill level 1 in Evocations
  5076 | D:5      | Reached XP level 7. HP: 35/38 MP: 12/20
  5215 | D:5      | Reached * piety under Vehumet
  5215 | D:5      | Offered knowledge of Shock by Vehumet.
  5440 | D:5      | Reached skill level 8 in Spellcasting
  5941 | D:6      | Found a bloodstained altar of Trog.
  6156 | D:6      | Reached skill level 9 in Spellcasting
  6303 | D:6      | Reached XP level 8. HP: 38/43 MP: 17/23
  6872 | D:7      | Found a snail-covered altar of Cheibriados.
  6923 | D:7      | Reached skill level 5 in Conjurations
  7128 | D:7      | Reached skill level 10 in Spellcasting
  7248 | D:7      | Found an ornate altar of the Wu Jian Council.
  7365 | D:7      | Found a staircase to the Ecumenical Temple.
  7393 | D:7      | Identified the +3 ring mail "Vaegesta" {rC+ Dex+3 Stlth+}
  7402 | D:7      | Reached ** piety under Vehumet
  7402 | D:7      | Offered knowledge of Momentum Strike by Vehumet.
  7403 | D:7      | Reached skill level 11 in Spellcasting
  7587 | D:7      | Reached XP level 9. HP: 49/49 MP: 18/26
  8549 | D:8      | Reached skill level 12 in Spellcasting
  8657 | D:8      | Identified the +4 leather armour of Xiegak {Harm Dex-4
                  | Slay+2 SInv}
  8736 | D:8      | Found a sparkling altar of Nemelex Xobeh.
  8740 | D:8      | Offered knowledge of Volatile Blastmotes by Vehumet.
  8745 | D:8      | Learned a level 3 spell: Volatile Blastmotes
  8757 | D:8      | Killed themself with a badly aimed concussive blast

Illustrated notes

Levels and vault maps discovered:
D:1:      dpeg_arrival_tiny_f, layout_basic, minmay_misc_feat_rugged
D:2:      wad_lake_hut, layout_basic, nicolae_ecumenical_pavilion, basic_altar
D:3:      layout_basic, dreamdust_divine_triumvirate,
          mainiacjoe_overflow_chevrons, lemuel_tele_altar,
          nicolae_overflow_crystal_walls, mainiacjoe_overflow_tiny_flanked,
          serial_shops, nicolae_shop_temple_entry_statues_fountains
D:4:      layout_loops_corners, vehumet_statue, old_standard_altar,
          mainiacjoe_overflow_cross_hatched
D:5:      layout_basic, kennysheep_little_box
D:6:      layout_loops_ring, mainiacjoe_overflow_brackets, kennysheep_nub,
          grunt_decor_cap
D:7:      layout_loops_ring, mainiacjoe_overflow_six_doors_small,
          nicolae_wu_jian_wuxing_cycle, minmay_temple_entry_butterflies,
          grunt_decor_clamped, bh_walls_and_bars
D:8:      layout_rooms, marbit_many_paths, lair_entry_dummy

Skill      XL: |  1  2  3  4  5  6  7  8  9 |
---------------+----------------------------+-----
Spellcasting   | 5 6 7 9 11 12 | 12.6
Fighting       | 1 2 3 |  3.0
Armour         | 1 2 3 |  3.0
Conjurations   | 2 3 4 6 7 |  7.1
Dodging        | 3 |  3.2
Stealth        | 3 |  3.2
Poison Magic   | 1 |  1.0
Air Magic      | 1 |  1.0
Shields        | 1 2 |  2.2
Evocations     | 1 |  1.1
Summonings     | |  1.1
Translocations | |  1.1

Action                     |  1- 3 |  4- 6 |  7- 9 || total
---------------------------+-------+-------+-------++-------
  Melee: Dagger            |    34 |    42 |   127 ||   203
         Punch             |     1 |       |       ||     1
   Cast: Magic Dart        |   113 |   102 |   191 ||   406
         Mephitic Cloud    |     3 |     5 |    35 ||    43
         Call Imp          |     2 |       |     5 ||     7
         Blink             |       |       |     1 ||     1
         Volatile Blastmot |       |       |     1 ||     1
   Stab: Confused          |     1 |     9 |    16 ||    26
         Sleeping          |       |       |     1 ||     1
 Armour: Robe              |    37 |    36 |    99 ||   172
  Dodge: Dodged            |    41 |    44 |    88 ||   173
  Block: Other             |       |       |    27 ||    27
         Reflection        |       |       |     1 ||     1

Table legend: (Time is in decaauts)
 A = Elapsed time spent in this place.
 B = Non-inter-level travel time spent in this place.
 C = Inter-level travel time spent in this place.
 D = Time resting spent in this place.
 E = Time spent auto-exploring this place.
 F = Levels seen in this place.
 G = Mean time per level.
                   A        B        C        D        E       F      G
               +--------+--------+--------+--------+--------+-----+--------+
         Total |   8796 |   8464 |    332 |    273 |   6956 |   8 | 1099.5 |
       Dungeon |   8796 |   8464 |    332 |    273 |   6956 |   8 | 1099.5 |
               +--------+--------+--------+--------+--------+-----+--------+

Top non-repeatable levels by time:
     D:7: 1582 daAuts
     D:4: 1259 daAuts
     D:6: 1203 daAuts
     D:5: 1190 daAuts
     D:1: 1178 daAuts
     D:2: 1160 daAuts
     D:3: 885 daAuts
     D:8: 335 daAuts
